Canadiens vs Jets
(R1)
Created - November 13, 2019 at 19:56
Goals
|
| Canadiens |
0 |
4 |
2 |
6 |
| Jets |
1 |
3 |
0 |
4 |
|
Shots
|
| Canadiens |
9 |
19 |
6 |
34 |
| Jets |
12 |
15 |
8 |
35 |
|
1st period
1. Jets , Nino Niederreiter 5 (Derek Stepan 9, Marcus Johansson 7) at 11:25
Penalties :
Jacob Trouba (Win) for Roughing (Minor) at 5:39, Nikolai Zherdev (Mon) for Goalie Interference (Minor) at 8:16, Colton Parayko (Mon) for Slashing (Minor) at 16:15
2nd period
2. Canadiens , Corey Perry 7 (Benoit Pouliot 12, Henrik Sedin 11) at 0:04
3. Jets , Tyler Johnson 4 (Jonathan Huberdeau 2, Reilly Smith 2) at 2:11 (PP)
4. Jets , Marco Scandella 2 (Jonathan Huberdeau 3, Tyler Johnson 6) at 4:06 (PP)
5. Canadiens , Benoit Pouliot 6 (Corey Perry 9) at 7:39
6. Jets , Evgeny Dadonov 7 (Derek Stepan 10, Marcus Johansson 8) at 7:55
7. Canadiens , Henrik Sedin 11 (Benoit Pouliot 13, Raphael Diaz 4) at 9:27 (PP)
8. Canadiens , Henrik Sedin 12 (Benoit Pouliot 14, Raphael Diaz 5) at 14:52 (PP)
Penalties :
Mark Stuart (Mon) for High sticking (Double Minor) at 1:52, Reilly Smith (Win) for Delaying the game (Minor) at 9:18, Shaone Morrisonn (Mon) for High sticking (Minor) at 10:28, Derek Roy (Win) for Boarding (Minor) at 13:42
3rd period
9. Canadiens , Benoit Pouliot 7 (Colton Parayko 9, Henrik Lundqvist) at 3:45 (PP)
10. Canadiens , Benoit Pouliot 8 (Corey Perry 10) at 3:54
Penalties :
Henrik Sedin (Mon) for Tripping (Minor) at 0:13, Ronalds Kenins (Win) for Goalie Interference (Minor) at 3:34, Colton Parayko (Mon) for Hooking (Minor) at 9:32, Vitaly Vishnevsky (Mon) for Roughing (Minor) at 12:02, Marco Scandella (Win) for Roughing (Minor) at 15:57
Goalie Stats
Henrik Lundqvist (Mon), 31 saves from 35 shots - (0.886), W, 6-1-3, 60:00 minutes
Kari Lehtonen (Win), 28 saves from 34 shots - (0.824), L, 2-3-0, 60:00 minutes
Players Stats for Canadiens
Player Name G A P +/- PIM S H SB GA TA FO MP PP MP PK MP
------------------------------------------------------------------------------------
Benoit Pouliot 3 3 6 1 0 6 2 1 3 0 2/4 19:08 3:32 1:47
Brett Maclean 0 0 0 0 0 2 0 0 1 0 0/0 6:17 0:00 0:00
Bryce Lampman 0 0 0 0 0 1 1 1 0 0 0/0 15:04 2:36 3:25
Colton Parayko 0 1 1 2 4 1 0 1 0 1 0/0 26:24 3:33 4:17
Corey Perry 1 2 3 1 0 1 1 0 1 0 2/3 17:15 3:32 0:00
Dustin Boyd 0 0 0 0 0 1 0 0 0 0 10/18 15:12 0:03 8:18
Enver Lisin 0 0 0 0 0 1 1 0 1 0 0/0 10:54 0:00 0:00
Frans Nielsen 0 0 0 0 0 0 2 2 0 0 4/14 16:47 1:56 5:17
Greg Stewart 0 0 0 0 0 4 0 0 0 0 0/1 15:52 1:56 4:12
Henrik Sedin 2 1 3 1 2 5 1 0 0 0 15/25 17:42 3:29 0:29
Mark Stuart 0 0 0 2 4 1 0 1 0 0 0/0 24:15 0:00 6:32
Nikolai Zherdev 0 0 0 0 2 0 0 0 0 0 0/0 6:02 0:00 0:00
Pierre-Marc Bouchard 0 0 0 0 0 1 1 0 0 0 3/5 10:18 0:00 0:04
Raphael Diaz 0 2 2 -1 0 2 0 1 0 1 0/0 24:03 2:52 8:03
Shaone Morrisonn 0 0 0 0 2 1 0 2 0 0 0/0 15:57 0:00 5:59
Steve Downie 0 0 0 0 0 0 1 0 0 0 0/0 19:48 1:56 8:09
Viktor Stalberg 0 0 0 0 0 4 2 2 0 0 0/0 10:14 0:00 0:00
Vitaly Vishnevsky 0 0 0 -1 2 3 1 0 0 0 0/0 14:33 1:55 0:00
Players Stats for Jets
Player Name G A P +/- PIM S H SB GA TA FO MP PP MP PK MP
------------------------------------------------------------------------------------
Derek Roy 0 0 0 0 2 3 0 0 0 0 6/8 13:36 0:01 0:03
Derek Stepan 0 2 2 -1 0 3 2 0 0 0 12/27 23:22 6:07 3:11
Eric Gelinas 0 0 0 -2 0 2 3 1 1 1 0/0 26:35 8:34 2:38
Erik Haula 0 0 0 0 0 1 0 1 0 0 0/1 13:05 0:01 3:09
Evgeny Dadonov 1 0 1 -2 0 2 0 0 0 0 0/2 13:01 0:00 0:00
Jacob Trouba 0 0 0 0 2 0 0 0 0 0 0/0 13:07 0:00 1:53
Jared Spurgeon 0 0 0 0 0 0 1 1 0 0 0/0 10:50 0:00 0:00
Jeremy Morin 0 0 0 0 0 2 1 0 0 0 0/0 6:51 0:01 0:00
Jonathan Huberdeau 0 2 2 0 0 1 2 0 0 0 0/0 17:50 8:00 0:00
Marco Scandella 1 0 1 -1 2 4 2 4 0 0 0/0 24:58 5:34 1:52
Marcus Johansson 0 2 2 -1 0 1 2 1 0 1 2/6 21:40 6:07 1:06
Nino Niederreiter 1 0 1 1 0 5 2 0 0 0 0/0 18:20 6:07 1:13
Oscar Klefbom 0 0 0 0 0 1 0 0 0 0 0/0 11:31 8:34 1:38
Reilly Smith 0 1 1 0 2 1 2 0 0 0 0/1 17:19 8:00 0:00
Ronalds Kenins 0 0 0 0 2 0 2 1 1 0 0/0 6:11 0:00 0:00
Tomas Kundratek 0 0 0 0 0 0 0 0 0 2 0/0 11:07 0:00 0:00
Tyler Johnson 1 1 2 0 0 8 0 0 0 0 14/25 23:01 8:00 2:14
Tyler Myers 0 0 0 1 0 1 1 1 0 2 0/0 22:03 5:34 2:55
3 Stars
1 - Benoit Pouliot (Mon)
2 - Henrik Sedin (Mon)
3 - Corey Perry (Mon)
Power Play
Canadiens - 3 on 5 Attempt(s) - 60.00%
Jets - 2 on 8 Attempt(s) - 25.00%
Penalty Kill
Canadiens - 6 on 8 Attempt(s) - 75.00%
- Score 0 goal in Penalty Kill
Jets - 2 on 5 Attempt(s) - 40.00%
- Score 0 goal in Penalty Kill
Team Stat
Canadiens - Hits : 13 - Faceoff Wins : 36 - Blocked Shots : 11 - Penalty Minutes : 16
Jets - Hits : 20 - Faceoff Wins : 34 - Blocked Shots : 10 - Penalty Minutes : 10
Official
Referees : Unknown
Linesman : Unknown
Game Notes
Benoit Pouliot has scored a Hat Trick!
Finance
Level 1 -- Attendance: 6000 (100.00%) -- Ticket Income $612,000
Level 2 -- Attendance: 3883 (77.66%) -- Ticket Income $283,459
Level 3 -- Attendance: 1575 (78.75%) -- Ticket Income $70,875
Level 4 -- Attendance: 3859 (96.48%) -- Ticket Income $96,475
Luxury Box -- Attendance: 983 (98.30%) -- Ticket Income $176,940
Game was played at the MTS Center.
Total Attendance: 16300 (90.56%)
Total Ticket Income: $1,239,749
Other Income: $185,962
Total Income: $1,425,711
Canadiens
5 vs 5 Forward
Center Left Wing Right Wing Time % Phy DF OF
1 Henrik Sedin Benoit Pouliot Corey Perry 40 0 1 4
2 Frans Nielsen Greg Stewart Steve Downie 30 0 1 4
3 Pierre-Marc Bouchard Viktor Stalberg Enver Lisin 20 0 2 3
4 Dustin Boyd Brett Maclean Nikolai Zherdev 10 1 2 2
5 vs 5 Defense
Defense Defense Time % Phy DF OF
1 Mark Stuart Colton Parayko 40 0 3 2
2 Vitaly Vishnevsky Raphael Diaz 30 0 3 2
3 Shaone Morrisonn Bryce Lampman 20 0 3 2
4 Colton Parayko Mark Stuart 10 0 2 3
PowerPlay Forward
Center Left Wing Right Wing Time % Phy DF OF
1 Henrik Sedin Benoit Pouliot Corey Perry 60 1 2 2
2 Frans Nielsen Greg Stewart Steve Downie 40 1 2 2
PowerPlay Defense
Defense Defense Time % Phy DF OF
1 Raphael Diaz Colton Parayko 60 1 2 2
2 Vitaly Vishnevsky Bryce Lampman 40 1 2 2
Penalty Kill 4 Players Forward
Center Wing Time % Phy DF OF
1 Dustin Boyd Steve Downie 60 1 2 2
2 Frans Nielsen Greg Stewart 40 1 2 2
Penalty Kill 4 Players Defense
Defense Defense Time % Phy DF OF
1 Mark Stuart Raphael Diaz 60 1 2 2
2 Shaone Morrisonn Colton Parayko 40 1 2 2
Penalty Kill - 3 Players Forward
Forward Time % Phy DF OF
1 Henrik Sedin 60 1 2 2
2 Dustin Boyd 40 1 2 2
Penalty Kill - 3 Players Defense
Defense Defense Time % Phy DF OF
1 Bryce Lampman Mark Stuart 60 1 2 2
2 Shaone Morrisonn Raphael Diaz 40 1 2 2
4 vs 4 Forward
Center Wing Time % Phy DF OF
1 Pierre-Marc Bouchard Corey Perry 60 1 2 2
2 Henrik Sedin Benoit Pouliot 40 1 2 2
4 vs 4 Defense
Defense Defense Time % Phy DF OF
1 Vitaly Vishnevsky Mark Stuart 60 1 2 2
2 Shaone Morrisonn Mark Stuart 40 1 2 2
Last Minutes Offensive
Center Left Wing Right Wing Defense Defense
Frans Nielsen Benoit Pouliot Corey Perry Raphael Diaz Vitaly Vishnevsky
Last Minutes Defensive
Center Left Wing Right Wing Defense Defense
Frans Nielsen Greg Stewart Steve Downie Shaone Morrisonn Mark Stuart
Goaltenders
Starting : Henrik Lundqvist
Backup : Allen York
Extra Forwards
Normal : Corey Perry, Benoit Pouliot, Frans Nielsen - PP : Corey Perry, Benoit Pouliot - PK : Steve Downie
Extra Defensemen
Normal : Colton Parayko, Mark Stuart, Raphael Diaz - PP : Vitaly Vishnevsky - PK : Shaone Morrisonn, Mark Stuart
Penalty Shots
Corey Perry, Frans Nielsen, Greg Stewart, Benoit Pouliot, Henrik Sedin
Scratches
None
Jets
5 vs 5 Forward
Center Left Wing Right Wing Time % Phy DF OF
1 Derek Stepan Marcus Johansson Evgeny Dadonov 35 1 2 2
2 Tyler Johnson Erik Haula Nino Niederreiter 30 0 3 2
3 Derek Roy Jonathan Huberdeau Reilly Smith 25 1 2 2
4 Tyler Johnson Ronalds Kenins Jeremy Morin 10 1 2 2
5 vs 5 Defense
Defense Defense Time % Phy DF OF
1 Marco Scandella Eric Gelinas 36 1 3 1
2 Tyler Myers Jared Spurgeon 32 1 3 1
3 Jacob Trouba Tomas Kundratek 22 1 3 1
4 Oscar Klefbom Marco Scandella 10 1 3 1
PowerPlay Forward
Center Left Wing Right Wing Time % Phy DF OF
1 Tyler Johnson Jonathan Huberdeau Reilly Smith 60 0 0 5
2 Derek Stepan Marcus Johansson Nino Niederreiter 40 0 0 5
PowerPlay Defense
Defense Defense Time % Phy DF OF
1 Eric Gelinas Oscar Klefbom 60 0 1 4
2 Marco Scandella Tyler Myers 40 0 1 4
Penalty Kill 4 Players Forward
Center Wing Time % Phy DF OF
1 Derek Stepan Erik Haula 60 1 2 2
2 Tyler Johnson Nino Niederreiter 40 1 2 2
Penalty Kill 4 Players Defense
Defense Defense Time % Phy DF OF
1 Jacob Trouba Tyler Myers 60 1 3 1
2 Marco Scandella Eric Gelinas 40 1 3 1
Penalty Kill - 3 Players Forward
Forward Time % Phy DF OF
1 Tyler Johnson 60 0 4 1
2 Derek Stepan 40 0 4 1
Penalty Kill - 3 Players Defense
Defense Defense Time % Phy DF OF
1 Marco Scandella Eric Gelinas 60 0 5 0
2 Tyler Myers Jacob Trouba 40 0 5 0
4 vs 4 Forward
Center Wing Time % Phy DF OF
1 Derek Stepan Evgeny Dadonov 60 1 2 2
2 Tyler Johnson Marcus Johansson 40 1 2 2
4 vs 4 Defense
Defense Defense Time % Phy DF OF
1 Eric Gelinas Tyler Myers 60 1 2 2
2 Marco Scandella Oscar Klefbom 40 1 2 2
Last Minutes Offensive
Center Left Wing Right Wing Defense Defense
Tyler Johnson Derek Roy Derek Stepan Marco Scandella Tyler Myers
Last Minutes Defensive
Center Left Wing Right Wing Defense Defense
Tyler Johnson Erik Haula Nino Niederreiter Marco Scandella Eric Gelinas
Goaltenders
Starting : Kari Lehtonen
Backup : Jonathan Bernier
Extra Forwards
Normal : Tyler Johnson, Derek Stepan, Derek Roy - PP : Tyler Johnson, Derek Stepan - PK : Tyler Johnson
Extra Defensemen
Normal : Eric Gelinas, Marco Scandella, Tyler Myers - PP : Eric Gelinas - PK : Tyler Myers, Marco Scandella
Penalty Shots
Derek Stepan, Tyler Johnson, Jeremy Morin, Evgeny Dadonov, Erik Haula
Scratches
None
% Time on Ice - Canadiens
Lines # - Real PCT - Wanted PCT - Time Play
Normal Forward
1 - 36% - 40% - 14:43
2 - 24% - 30% - 9:31
3 - 25% - 20% - 10:14
4 - 15% - 10% - 5:56
Normal Defense
1 - 42% - 40% - 17:10
2 - 34% - 30% - 13:37
3 - 22% - 20% - 8:45
4 - 2% - 10% - 0:52
PP Forward
1 - 65% - 60% - 3:32
2 - 35% - 40% - 1:56
PP Defense
1 - 65% - 60% - 3:33
2 - 35% - 40% - 1:55
PK Forward
1 - 70% - 60% - 9:56
2 - 30% - 40% - 4:12
PK Defense
1 - 62% - 60% - 8:46
2 - 38% - 40% - 5:22
PK3 Forward
1 - 0% - 60%
2 - 0% - 40%
PK3 Defense
1 - 0% - 60%
2 - 0% - 40%
44 Forward
1 - 0% - 60%
2 - 0% - 40%
44 Defense
1 - 0% - 60%
2 - 0% - 40%
Last Minute Offensive - 0:00
Last Minute Defensive - 0:00
Total
Forward - 60:00
Defense - 60:00
|
% Time on Ice - Jets
Lines # - Real PCT - Wanted PCT - Time Play
Normal Forward
1 - 34% - 35% - 13:53
2 - 27% - 30% - 11:00
3 - 23% - 25% - 9:19
4 - 15% - 10% - 6:12
Normal Defense
1 - 36% - 36% - 14:28
2 - 34% - 32% - 13:34
3 - 28% - 22% - 11:07
4 - 3% - 10% - 1:15
PP Forward
1 - 57% - 60% - 8:01
2 - 43% - 40% - 6:07
PP Defense
1 - 61% - 60% - 8:34
2 - 39% - 40% - 5:34
PK Forward
1 - 78% - 60% - 4:15
2 - 22% - 40% - 1:13
PK Defense
1 - 60% - 60% - 3:17
2 - 40% - 40% - 2:11
PK3 Forward
1 - 0% - 60%
2 - 0% - 40%
PK3 Defense
1 - 0% - 60%
2 - 0% - 40%
44 Forward
1 - 0% - 60%
2 - 0% - 40%
44 Defense
1 - 0% - 60%
2 - 0% - 40%
Last Minute Offensive - 0:00
Last Minute Defensive - 0:00
Total
Forward - 60:00
Defense - 60:00
|
Play-by-Play
1st period
0:01 of 1st period - Henrik Sedin wins face-off versus Marcus Johansson in neutral zone.
0:06 of 1st period - Backhand shot by Benoit Pouliot.
0:06 of 1st period - Stopped by Kari Lehtonen without a rebound.
0:07 of 1st period - Benoit Pouliot wins face-off versus Derek Stepan in Jets zone.
0:15 of 1st period - Icing by Derek Stepan.
0:16 of 1st period - Derek Stepan wins face-off versus Frans Nielsen in Jets zone.
0:43 of 1st period - Wrist shot by Viktor Stalberg.
0:43 of 1st period - Stopped by Kari Lehtonen with a rebound.
1:05 of 1st period - Tyler Myers is hit by Benoit Pouliot and loses puck.
1:54 of 1st period - Shaone Morrisonn is hit by Marcus Johansson and loses puck.
3:21 of 1st period - Snap shot by Tyler Johnson.
3:21 of 1st period - Shot Misses the Net.
4:17 of 1st period - Shaone Morrisonn is hit by Ronalds Kenins and loses puck.
4:28 of 1st period - Evgeny Dadonov is hit by Frans Nielsen and loses puck.
5:27 of 1st period - Slapshot by Vitaly Vishnevsky.
5:27 of 1st period - Deflect By Jacob Trouba.
5:27 of 1st period - Stopped by Kari Lehtonen with a rebound.
5:29 of 1st period - Slapshot by Raphael Diaz.
5:29 of 1st period - Stopped by Kari Lehtonen with a rebound.
5:31 of 1st period - Slapshot by Vitaly Vishnevsky.
5:31 of 1st period - Stopped by Kari Lehtonen with a rebound.
5:33 of 1st period - Slapshot by Vitaly Vishnevsky.
5:33 of 1st period - Shot Blocked by Ronalds Kenins.
5:39 of 1st period - Minor Penalty to Jacob Trouba for Roughing.
5:40 of 1st period - Derek Stepan wins face-off versus Henrik Sedin in Jets zone.
7:39 of 1st period - Penalty to Jacob Trouba is over, Jacob Trouba is back on ice.
7:58 of 1st period - Reilly Smith is hit by Pierre-Marc Bouchard.
8:16 of 1st period - Minor Penalty to Nikolai Zherdev for Goalie Interference.
8:17 of 1st period - Dustin Boyd wins face-off versus Derek Stepan in Canadiens zone.
8:30 of 1st period - Steve Downie is hit by Derek Stepan and loses puck.
8:53 of 1st period - Slapshot by Derek Stepan.
8:53 of 1st period - Stopped by Henrik Lundqvist with a rebound.
9:09 of 1st period - Slapshot by Nino Niederreiter.
9:09 of 1st period - Stopped by Henrik Lundqvist without a rebound.
9:10 of 1st period - Dustin Boyd wins face-off versus Tyler Johnson in Canadiens zone.
9:19 of 1st period - Backhand shot by Marco Scandella.
9:19 of 1st period - Shot Blocked by Shaone Morrisonn.
9:21 of 1st period - Snap shot by Tyler Johnson.
9:21 of 1st period - Stopped by Henrik Lundqvist without a rebound.
9:22 of 1st period - Dustin Boyd wins face-off versus Tyler Johnson in Canadiens zone.
9:22 of 1st period - Dustin Boyd is hit by Jonathan Huberdeau.
10:00 of 1st period - Snap shot by Jonathan Huberdeau.
10:00 of 1st period - Shot Misses the Net.
10:02 of 1st period - Snap shot by Oscar Klefbom.
10:02 of 1st period - Shot Blocked by Frans Nielsen.
10:04 of 1st period - Slapshot by Tyler Johnson.
10:04 of 1st period - Shot Misses the Net.
10:06 of 1st period - Backhand shot by Tyler Johnson.
10:06 of 1st period - Stopped by Henrik Lundqvist with a rebound.
10:08 of 1st period - Wrist shot by Reilly Smith.
10:08 of 1st period - Shot Misses the Net.
10:10 of 1st period - Snap shot by Tyler Johnson.
10:10 of 1st period - Stopped by Henrik Lundqvist with a rebound.
10:12 of 1st period - Slapshot by Eric Gelinas.
10:12 of 1st period - Stopped by Henrik Lundqvist without a rebound.
10:13 of 1st period - Dustin Boyd wins face-off versus Derek Stepan in Canadiens zone.
10:16 of 1st period - Penalty to Nikolai Zherdev is over, Nikolai Zherdev is back on ice.
10:20 of 1st period - Snap shot by Steve Downie.
10:20 of 1st period - Shot Misses the Net.
10:22 of 1st period - Slapshot by Raphael Diaz.
10:22 of 1st period - Stopped by Kari Lehtonen without a rebound.
10:23 of 1st period - Derek Stepan wins face-off versus Benoit Pouliot in Jets zone.
10:49 of 1st period - Snap shot by Derek Stepan.
10:49 of 1st period - Shot Misses the Net.
11:11 of 1st period - Snap shot by Marcus Johansson.
11:11 of 1st period - Shot Misses the Net.
11:23 of 1st period - Snap shot by Nino Niederreiter.
11:23 of 1st period - Shot Misses the Net.
11:25 of 1st period - Wrist shot by Nino Niederreiter.
11:25 of 1st period - Goal by Nino Niederreiter - Canadiens : 0 - Jets : 1.
11:26 of 1st period - Frans Nielsen wins face-off versus Derek Roy in neutral zone.
12:43 of 1st period - Slapshot by Greg Stewart.
12:43 of 1st period - Stopped by Kari Lehtonen without a rebound.
12:44 of 1st period - Derek Stepan wins face-off versus Greg Stewart in Jets zone.
12:51 of 1st period - Colton Parayko is hit by Jared Spurgeon and loses puck.
13:00 of 1st period - Snap shot by Derek Stepan.
13:00 of 1st period - Stopped by Henrik Lundqvist without a rebound.
13:01 of 1st period - Tyler Johnson wins face-off versus Henrik Sedin in Canadiens zone.
13:02 of 1st period - Backhand shot by Nino Niederreiter.
13:02 of 1st period - Stopped by Henrik Lundqvist with a rebound.
13:25 of 1st period - Icing by Benoit Pouliot.
13:26 of 1st period - Henrik Sedin wins face-off versus Evgeny Dadonov in Canadiens zone.
14:10 of 1st period - Icing by Viktor Stalberg.
14:11 of 1st period - Pierre-Marc Bouchard wins face-off versus Tyler Johnson in Canadiens zone.
14:38 of 1st period - Marcus Johansson is hit by Frans Nielsen.
15:45 of 1st period - Off-side.
15:46 of 1st period - Tyler Johnson wins face-off versus Dustin Boyd in neutral zone.
15:49 of 1st period - Slapshot by Marco Scandella.
15:49 of 1st period - Stopped by Henrik Lundqvist with a rebound.
16:09 of 1st period - Snap shot by Erik Haula.
16:09 of 1st period - Shot Misses the Net.
16:11 of 1st period - Snap shot by Nino Niederreiter.
16:11 of 1st period - Stopped by Henrik Lundqvist without a rebound.
16:12 of 1st period - Benoit Pouliot wins face-off versus Derek Stepan in Canadiens zone.
16:12 of 1st period - Benoit Pouliot is hit by Tyler Myers.
16:15 of 1st period - Minor Penalty to Colton Parayko for Slashing.
16:16 of 1st period - Tyler Johnson wins face-off versus Dustin Boyd in Canadiens zone.
16:18 of 1st period - Backhand shot by Tyler Johnson.
16:18 of 1st period - Stopped by Henrik Lundqvist with a rebound.
16:20 of 1st period - Slapshot by Eric Gelinas.
16:20 of 1st period - Shot Blocked by Mark Stuart.
17:59 of 1st period - Bryce Lampman is hit by Nino Niederreiter and loses puck.
18:15 of 1st period - Penalty to Colton Parayko is over, Colton Parayko is back on ice.
18:35 of 1st period - Tyler Myers is hit by Viktor Stalberg and loses puck.
18:50 of 1st period - Icing by Nino Niederreiter.
18:51 of 1st period - Dustin Boyd wins face-off versus Tyler Johnson in Jets zone.
18:52 of 1st period - Snap shot by Brett Maclean.
18:52 of 1st period - Stopped by Kari Lehtonen with a rebound.
18:58 of 1st period - Slapshot by Brett Maclean.
18:58 of 1st period - Stopped by Kari Lehtonen with a rebound.
19:50 of 1st period - Mark Stuart is hit by Marco Scandella and loses puck.
Goals for this period are 0 for Canadiens vs 1 for Jets.
Shots for this period are 9 for Canadiens vs 12 for Jets.
2nd period
0:01 of 2nd period - Henrik Sedin wins face-off versus Derek Stepan in neutral zone.
0:04 of 2nd period - Wrist shot by Corey Perry.
0:04 of 2nd period - Goal by Corey Perry - Canadiens : 1 - Jets : 1.
0:05 of 2nd period - Henrik Sedin wins face-off versus Marcus Johansson in neutral zone.
0:32 of 2nd period - Colton Parayko is hit by Eric Gelinas and loses puck.
1:23 of 2nd period - Icing by Nino Niederreiter.
1:24 of 2nd period - Pierre-Marc Bouchard wins face-off versus Derek Stepan in Jets zone.
1:45 of 2nd period - Mark Stuart is hit by Marcus Johansson.
1:52 of 2nd period - Double Minor Penalty to Mark Stuart for High sticking.
1:53 of 2nd period - Dustin Boyd wins face-off versus Tyler Johnson in Canadiens zone.
1:53 of 2nd period - Dustin Boyd is hit by Reilly Smith.
2:01 of 2nd period - Off-side.
2:02 of 2nd period - Tyler Johnson wins face-off versus Dustin Boyd in neutral zone.
2:05 of 2nd period - Slapshot by Eric Gelinas.
2:05 of 2nd period - Deflect By Reilly Smith.
2:05 of 2nd period - Shot Blocked by Shaone Morrisonn.
2:05 of 2nd period - Puck is out of play.
2:06 of 2nd period - Tyler Johnson wins face-off versus Dustin Boyd in Canadiens zone.
2:11 of 2nd period - Wrist shot by Tyler Johnson.
2:11 of 2nd period - Goal by Tyler Johnson - Canadiens : 1 - Jets : 2.
2:12 of 2nd period - Dustin Boyd wins face-off versus Reilly Smith in neutral zone.
2:14 of 2nd period - Off-side.
2:15 of 2nd period - Tyler Johnson wins face-off versus Dustin Boyd in neutral zone.
2:24 of 2nd period - Raphael Diaz is hit by Jonathan Huberdeau and loses puck.
2:41 of 2nd period - Snap shot by Oscar Klefbom.
2:41 of 2nd period - Deflect By Tyler Johnson.
2:41 of 2nd period - Shot Misses the Net.
2:41 of 2nd period - Puck is out of play.
2:42 of 2nd period - Frans Nielsen wins face-off versus Derek Stepan in Canadiens zone.
3:27 of 2nd period - Icing by Reilly Smith.
3:28 of 2nd period - Frans Nielsen wins face-off versus Tyler Johnson in Jets zone.
3:29 of 2nd period - Wrist shot by Greg Stewart.
3:29 of 2nd period - Stopped by Kari Lehtonen without a rebound.
3:30 of 2nd period - Tyler Johnson wins face-off versus Frans Nielsen in Jets zone.
3:39 of 2nd period - Bryce Lampman is hit by Eric Gelinas and loses puck.
4:02 of 2nd period - Wrist shot by Jonathan Huberdeau.
4:02 of 2nd period - Shot Misses the Net.
4:04 of 2nd period - Snap shot by Marco Scandella.
4:04 of 2nd period - Shot Misses the Net.
4:06 of 2nd period - Slapshot by Marco Scandella.
4:06 of 2nd period - Goal by Marco Scandella - Canadiens : 1 - Jets : 3.
4:07 of 2nd period - Henrik Sedin wins face-off versus Derek Stepan in neutral zone.
4:20 of 2nd period - Wrist shot by Corey Perry.
4:20 of 2nd period - Shot Blocked by Marco Scandella.
4:41 of 2nd period - Slapshot by Tyler Johnson.
4:41 of 2nd period - Stopped by Henrik Lundqvist with a rebound.
4:43 of 2nd period - Snap shot by Tyler Myers.
4:43 of 2nd period - Deflect By Mark Stuart.
4:43 of 2nd period - Stopped by Henrik Lundqvist with a rebound.
4:45 of 2nd period - Snap shot by Nino Niederreiter.
4:45 of 2nd period - Stopped by Henrik Lundqvist without a rebound.
4:46 of 2nd period - Marcus Johansson wins face-off versus Frans Nielsen in Canadiens zone.
4:49 of 2nd period - Snap shot by Evgeny Dadonov.
4:49 of 2nd period - Shot Blocked by Frans Nielsen.
5:11 of 2nd period - Jared Spurgeon is hit by Vitaly Vishnevsky and loses puck.
5:20 of 2nd period - Slapshot by Viktor Stalberg.
5:20 of 2nd period - Stopped by Kari Lehtonen with a rebound.
5:22 of 2nd period - Slapshot by Shaone Morrisonn.
5:22 of 2nd period - Stopped by Kari Lehtonen with a rebound.
5:24 of 2nd period - Slapshot by Shaone Morrisonn.
5:24 of 2nd period - Deflect By Enver Lisin.
5:24 of 2nd period - Stopped by Kari Lehtonen without a rebound.
5:25 of 2nd period - Henrik Sedin wins face-off versus Tyler Johnson in Jets zone.
5:25 of 2nd period - Henrik Sedin is hit by Eric Gelinas.
5:37 of 2nd period - Snap shot by Corey Perry.
5:37 of 2nd period - Shot Misses the Net.
6:01 of 2nd period - Wrist shot by Derek Roy.
6:01 of 2nd period - Stopped by Henrik Lundqvist with a rebound.
7:00 of 2nd period - Wrist shot by Reilly Smith.
7:00 of 2nd period - Stopped by Henrik Lundqvist with a rebound.
7:25 of 2nd period - Wrist shot by Dustin Boyd.
7:25 of 2nd period - Stopped by Kari Lehtonen without a rebound.
7:26 of 2nd period - Henrik Sedin wins face-off versus Marcus Johansson in Jets zone.
7:27 of 2nd period - Snap shot by Corey Perry.
7:27 of 2nd period - Shot Misses the Net.
7:31 of 2nd period - Wrist shot by Benoit Pouliot.
7:31 of 2nd period - Shot Misses the Net.
7:33 of 2nd period - Slapshot by Vitaly Vishnevsky.
7:33 of 2nd period - Shot Blocked by Marco Scandella.
7:35 of 2nd period - Snap shot by Vitaly Vishnevsky.
7:35 of 2nd period - Stopped by Kari Lehtonen with a rebound.
7:37 of 2nd period - Snap shot by Henrik Sedin.
7:37 of 2nd period - Stopped by Kari Lehtonen without a rebound.
7:38 of 2nd period - Corey Perry wins face-off versus Marcus Johansson in Jets zone.
7:39 of 2nd period - Snap shot by Benoit Pouliot.
7:39 of 2nd period - Goal by Benoit Pouliot - Canadiens : 2 - Jets : 3.
7:40 of 2nd period - Derek Stepan wins face-off versus Henrik Sedin in neutral zone.
7:53 of 2nd period - Slapshot by Derek Stepan.
7:53 of 2nd period - Shot Blocked by Benoit Pouliot.
7:55 of 2nd period - Snap shot by Evgeny Dadonov.
7:55 of 2nd period - Goal by Evgeny Dadonov - Canadiens : 2 - Jets : 4.
7:56 of 2nd period - Henrik Sedin wins face-off versus Evgeny Dadonov in neutral zone.
8:09 of 2nd period - Snap shot by Corey Perry.
8:09 of 2nd period - Shot Blocked by Marcus Johansson.
8:11 of 2nd period - Wrist shot by Henrik Sedin.
8:11 of 2nd period - Stopped by Kari Lehtonen without a rebound.
8:12 of 2nd period - Frans Nielsen wins face-off versus Erik Haula in Jets zone.
8:15 of 2nd period - Wrist shot by Frans Nielsen.
8:15 of 2nd period - Shot Misses the Net.
8:17 of 2nd period - Slapshot by Mark Stuart.
8:17 of 2nd period - Stopped by Kari Lehtonen without a rebound.
8:18 of 2nd period - Tyler Johnson wins face-off versus Frans Nielsen in Jets zone.
8:45 of 2nd period - Slapshot by Marco Scandella.
8:45 of 2nd period - Stopped by Henrik Lundqvist with a rebound.
8:47 of 2nd period - Slapshot by Eric Gelinas.
8:47 of 2nd period - Deflect By Evgeny Dadonov.
8:47 of 2nd period - Shot Blocked by Colton Parayko.
8:47 of 2nd period - Puck is out of play.
8:48 of 2nd period - Henrik Sedin wins face-off versus Derek Stepan in Canadiens zone.
9:13 of 2nd period - Snap shot by Benoit Pouliot.
9:13 of 2nd period - Shot Misses the Net.
9:15 of 2nd period - Wrist shot by Bryce Lampman.
9:15 of 2nd period - Stopped by Kari Lehtonen without a rebound.
9:16 of 2nd period - Derek Roy wins face-off versus Frans Nielsen in Jets zone.
9:18 of 2nd period - Minor Penalty to Reilly Smith for Delaying the game.
9:19 of 2nd period - Henrik Sedin wins face-off versus Derek Stepan in Jets zone.
9:19 of 2nd period - Snap shot by Corey Perry.
9:19 of 2nd period - Shot Misses the Net.
9:21 of 2nd period - Snap shot by Raphael Diaz.
9:21 of 2nd period - Shot Misses the Net.
9:27 of 2nd period - Snap shot by Henrik Sedin.
9:27 of 2nd period - Goal by Henrik Sedin - Canadiens : 3 - Jets : 4.
9:28 of 2nd period - Marcus Johansson wins face-off versus Corey Perry in neutral zone.
10:21 of 2nd period - Wrist shot by Marco Scandella.
10:21 of 2nd period - Stopped by Henrik Lundqvist with a rebound.
10:23 of 2nd period - Snap shot by Reilly Smith.
10:23 of 2nd period - Deflect By Jonathan Huberdeau.
10:23 of 2nd period - Shot Blocked by Viktor Stalberg.
10:23 of 2nd period - Puck is out of play.
10:24 of 2nd period - Derek Roy wins face-off versus Benoit Pouliot in Canadiens zone.
10:27 of 2nd period - Wrist shot by Derek Roy.
10:27 of 2nd period - Stopped by Henrik Lundqvist without a rebound.
10:28 of 2nd period - Henrik Sedin wins face-off versus Derek Stepan in Canadiens zone.
10:28 of 2nd period - Minor Penalty to Shaone Morrisonn for High sticking.
10:29 of 2nd period - Dustin Boyd wins face-off versus Tyler Johnson in Canadiens zone.
12:28 of 2nd period - Penalty to Shaone Morrisonn is over, Shaone Morrisonn is back on ice.
12:30 of 2nd period - Icing by Dustin Boyd.
12:31 of 2nd period - Derek Roy wins face-off versus Pierre-Marc Bouchard in Canadiens zone.
12:34 of 2nd period - Wrist shot by Erik Haula.
12:34 of 2nd period - Stopped by Henrik Lundqvist with a rebound.
12:46 of 2nd period - Wrist shot by Pierre-Marc Bouchard.
12:46 of 2nd period - Stopped by Kari Lehtonen without a rebound.
12:47 of 2nd period - Henrik Sedin wins face-off versus Derek Stepan in Jets zone.
12:50 of 2nd period - Snap shot by Benoit Pouliot.
12:50 of 2nd period - Stopped by Kari Lehtonen with a rebound.
13:00 of 2nd period - Snap shot by Corey Perry.
13:00 of 2nd period - Shot Blocked by Tyler Myers.
13:02 of 2nd period - Wrist shot by Benoit Pouliot.
13:02 of 2nd period - Stopped by Kari Lehtonen without a rebound.
13:03 of 2nd period - Tyler Johnson wins face-off versus Frans Nielsen in Jets zone.
13:03 of 2nd period - Tyler Johnson is hit by Steve Downie.
13:16 of 2nd period - Slapshot by Tyler Johnson.
13:16 of 2nd period - Stopped by Henrik Lundqvist without a rebound.
13:17 of 2nd period - Derek Roy wins face-off versus Henrik Sedin in Canadiens zone.
13:42 of 2nd period - Minor Penalty to Derek Roy for Boarding.
13:43 of 2nd period - Henrik Sedin wins face-off versus Derek Stepan in Jets zone.
14:36 of 2nd period - Backhand shot by Henrik Sedin.
14:36 of 2nd period - Shot Blocked by Marco Scandella.
14:52 of 2nd period - Wrist shot by Henrik Sedin.
14:52 of 2nd period - Goal by Henrik Sedin - Canadiens : 4 - Jets : 4.
14:53 of 2nd period - Derek Roy wins face-off versus Frans Nielsen in neutral zone.
14:57 of 2nd period - Tyler Myers is hit by Bryce Lampman and loses puck.
15:06 of 2nd period - Snap shot by Greg Stewart.
15:06 of 2nd period - Stopped by Kari Lehtonen with a rebound.
15:08 of 2nd period - Snap shot by Steve Downie.
15:08 of 2nd period - Shot Misses the Net.
15:10 of 2nd period - Snap shot by Greg Stewart.
15:10 of 2nd period - Stopped by Kari Lehtonen with a rebound.
15:20 of 2nd period - Tyler Johnson is hit by Viktor Stalberg and loses puck.
15:51 of 2nd period - Wrist shot by Evgeny Dadonov.
15:51 of 2nd period - Stopped by Henrik Lundqvist with a rebound.
16:03 of 2nd period - Steve Downie is hit by Reilly Smith and loses puck.
16:27 of 2nd period - Off-side.
16:28 of 2nd period - Derek Stepan wins face-off versus Pierre-Marc Bouchard in neutral zone.
16:54 of 2nd period - Nino Niederreiter is hit by Henrik Sedin and loses puck.
17:49 of 2nd period - Snap shot by Derek Stepan.
17:49 of 2nd period - Stopped by Henrik Lundqvist without a rebound.
17:50 of 2nd period - Henrik Sedin wins face-off versus Tyler Johnson in Canadiens zone.
19:19 of 2nd period - Bryce Lampman is hit by Jeremy Morin.
Goals for this period are 4 for Canadiens vs 3 for Jets.
Shots for this period are 19 for Canadiens vs 15 for Jets.
3rd period
0:01 of 3rd period - Tyler Johnson wins face-off versus Henrik Sedin in neutral zone.
0:13 of 3rd period - Minor Penalty to Henrik Sedin for Tripping.
0:14 of 3rd period - Tyler Johnson wins face-off versus Dustin Boyd in Canadiens zone.
0:24 of 3rd period - Snap shot by Tyler Johnson.
0:24 of 3rd period - Stopped by Henrik Lundqvist without a rebound.
0:25 of 3rd period - Tyler Johnson wins face-off versus Dustin Boyd in Canadiens zone.
2:13 of 3rd period - Penalty to Henrik Sedin is over, Henrik Sedin is back on ice.
2:20 of 3rd period - Snap shot by Viktor Stalberg.
2:20 of 3rd period - Stopped by Kari Lehtonen without a rebound.
2:21 of 3rd period - Pierre-Marc Bouchard wins face-off versus Derek Roy in Jets zone.
2:36 of 3rd period - Wrist shot by Ronalds Kenins.
2:36 of 3rd period - Shot Blocked by Viktor Stalberg.
2:42 of 3rd period - Jacob Trouba is hit by Enver Lisin and loses puck.
2:59 of 3rd period - Wrist shot by Viktor Stalberg.
2:59 of 3rd period - Stopped by Kari Lehtonen with a rebound.
3:01 of 3rd period - Slapshot by Colton Parayko.
3:01 of 3rd period - Stopped by Kari Lehtonen with a rebound.
3:34 of 3rd period - Minor Penalty to Ronalds Kenins for Goalie Interference.
3:35 of 3rd period - Derek Stepan wins face-off versus Henrik Sedin in Jets zone.
3:45 of 3rd period - Snap shot by Benoit Pouliot.
3:45 of 3rd period - Goal by Benoit Pouliot - Canadiens : 5 - Jets : 4.
3:46 of 3rd period - Henrik Sedin wins face-off versus Derek Stepan in neutral zone.
3:49 of 3rd period - Evgeny Dadonov is hit by Benoit Pouliot and loses puck.
3:54 of 3rd period - Snap shot by Benoit Pouliot.
3:54 of 3rd period - Goal by Benoit Pouliot - Canadiens : 6 - Jets : 4.
3:55 of 3rd period - Derek Stepan wins face-off versus Henrik Sedin in neutral zone.
3:57 of 3rd period - Off-side.
3:58 of 3rd period - Corey Perry wins face-off versus Derek Stepan in neutral zone.
4:01 of 3rd period - Eric Gelinas is hit by Corey Perry and loses puck.
4:52 of 3rd period - Wrist shot by Enver Lisin.
4:52 of 3rd period - Shot Hit the Post.
6:15 of 3rd period - Slapshot by Viktor Stalberg.
6:15 of 3rd period - Shot Blocked by Marco Scandella.
6:17 of 3rd period - Slapshot by Viktor Stalberg.
6:17 of 3rd period - Shot Blocked by Eric Gelinas.
6:19 of 3rd period - Snap shot by Enver Lisin.
6:19 of 3rd period - Shot Blocked by Erik Haula.
6:37 of 3rd period - Slapshot by Eric Gelinas.
6:37 of 3rd period - Stopped by Henrik Lundqvist with a rebound.
6:51 of 3rd period - Icing by Derek Roy.
6:52 of 3rd period - Derek Roy wins face-off versus Henrik Sedin in Jets zone.
7:01 of 3rd period - Slapshot by Henrik Sedin.
7:01 of 3rd period - Stopped by Kari Lehtonen with a rebound.
7:45 of 3rd period - Snap shot by Benoit Pouliot.
7:45 of 3rd period - Shot Blocked by Jared Spurgeon.
8:01 of 3rd period - Wrist shot by Reilly Smith.
8:01 of 3rd period - Shot Blocked by Raphael Diaz.
8:03 of 3rd period - Slapshot by Jared Spurgeon.
8:03 of 3rd period - Shot Misses the Net.
8:05 of 3rd period - Slapshot by Jared Spurgeon.
8:05 of 3rd period - Deflect By Jonathan Huberdeau.
8:05 of 3rd period - Shot Misses the Net.
8:05 of 3rd period - Puck is out of play.
8:06 of 3rd period - Derek Stepan wins face-off versus Frans Nielsen in Canadiens zone.
8:07 of 3rd period - Snap shot by Evgeny Dadonov.
8:07 of 3rd period - Shot Misses the Net.
8:09 of 3rd period - Snap shot by Eric Gelinas.
8:09 of 3rd period - Deflect By Evgeny Dadonov.
8:09 of 3rd period - Shot Blocked by Bryce Lampman.
8:09 of 3rd period - Puck is out of play.
8:10 of 3rd period - Derek Stepan wins face-off versus Frans Nielsen in Canadiens zone.
9:32 of 3rd period - Minor Penalty to Colton Parayko for Hooking.
9:33 of 3rd period - Dustin Boyd wins face-off versus Tyler Johnson in Canadiens zone.
9:42 of 3rd period - Snap shot by Tyler Johnson.
9:42 of 3rd period - Shot Misses the Net.
9:44 of 3rd period - Wrist shot by Jonathan Huberdeau.
9:44 of 3rd period - Stopped by Henrik Lundqvist with a rebound.
9:46 of 3rd period - Slapshot by Oscar Klefbom.
9:46 of 3rd period - Stopped by Henrik Lundqvist with a rebound.
11:32 of 3rd period - Penalty to Colton Parayko is over, Colton Parayko is back on ice.
11:39 of 3rd period - Viktor Stalberg is hit by Ronalds Kenins and loses puck.
11:48 of 3rd period - Snap shot by Jeremy Morin.
11:48 of 3rd period - Stopped by Henrik Lundqvist with a rebound.
11:50 of 3rd period - Slapshot by Derek Roy.
11:50 of 3rd period - Stopped by Henrik Lundqvist without a rebound.
11:51 of 3rd period - Tyler Johnson wins face-off versus Henrik Sedin in Canadiens zone.
12:00 of 3rd period - Wrist shot by Tyler Johnson.
12:00 of 3rd period - Shot Misses the Net.
12:02 of 3rd period - Minor Penalty to Vitaly Vishnevsky for Roughing.
12:03 of 3rd period - Tyler Johnson wins face-off versus Dustin Boyd in Canadiens zone.
12:40 of 3rd period - Icing by Nino Niederreiter.
12:41 of 3rd period - Derek Stepan wins face-off versus Frans Nielsen in Jets zone.
13:10 of 3rd period - Backhand shot by Marcus Johansson.
13:10 of 3rd period - Stopped by Henrik Lundqvist without a rebound.
13:11 of 3rd period - Dustin Boyd wins face-off versus Tyler Johnson in Canadiens zone.
13:20 of 3rd period - Dustin Boyd is hit by Marco Scandella and loses puck.
14:02 of 3rd period - Penalty to Vitaly Vishnevsky is over, Vitaly Vishnevsky is back on ice.
14:07 of 3rd period - Snap shot by Jeremy Morin.
14:07 of 3rd period - Shot Misses the Net.
14:57 of 3rd period - Wrist shot by Jeremy Morin.
14:57 of 3rd period - Stopped by Henrik Lundqvist with a rebound.
15:57 of 3rd period - Minor Penalty to Marco Scandella for Roughing.
15:58 of 3rd period - Derek Stepan wins face-off versus Henrik Sedin in Jets zone.
16:39 of 3rd period - Frans Nielsen is hit by Nino Niederreiter and loses puck.
17:52 of 3rd period - Greg Stewart is hit by Derek Stepan and loses puck.
17:57 of 3rd period - Penalty to Marco Scandella is over, Marco Scandella is back on ice.
Goals for this period are 2 for Canadiens vs 0 for Jets.
Shots for this period are 6 for Canadiens vs 8 for Jets.
Back to the Top